 Dungeon Crawl Stone Soup version 0.17-a0-2133-gde797ed (webtiles) character file.

440 TruthSerum the Skirmisher (level 6, 0/58 HPs)
             Began as a Minotaur Fighter on Oct 24, 2015.
             Was an Initiate of Okawaru.
             Slain by Sigmund
             ... wielding a +0 scythe
              (6 damage)
             ... on level 4 of the Dungeon.
             The game lasted 00:11:31 (2905 turns).

TruthSerum the Skirmisher (Minotaur Fighter)        Turns: 2905, Time: 00:11:31

Health: 0/58       AC: 11    Str: 20    XL:     6   Next: 70%
Magic:  5/5        EV:  3    Int:  5    God:    Okawaru [......]
Gold:   111        SH:  9    Dex: 12    Spells: 0 memorised, 5 levels left

rFire  . . .     SeeInvis .     a - +0 flail
rCold  . . .     Clarity  .     j - +0 plate armour
rNeg   . . .     SustAt   .     c - +0 shield
rPois  .         Gourm    .     (helmet restricted)
rElec  .         Spirit   .     (no cloak)
rCorr  .         Warding  .     (no gloves)
rMut   .         Stasis   .     (no boots)
MR     .....                    (no amulet)
Stlth  ..........               (no ring)
                                y - ring of stealth

@: not resistant to hostile enchantments, extremely unstealthy
A: retaliatory headbutt, horns 2
a: Renounce Religion


You were on level 4 of the Dungeon.
You worshipped Okawaru.
Okawaru was noncommittal.
You were not hungry.

You visited 2 branches of the dungeon, and saw 5 of its levels.

You collected 111 gold pieces.

Inventory:

Hand Weapons
 a - a +0 flail (weapon)
Armour
 c - a +0 shield (worn)
 j - a +0 plate armour (worn)
Jewellery
 y - a ring of stealth (left hand)
Wands
 s - a wand of fireball (8)
Scrolls
 b - a scroll of noise {unknown}
 g - a scroll of fear {unknown}
 h - a scroll of blinking {unknown}
 l - a scroll of immolation {unknown}
 v - a scroll of enchant weapon {unknown}
 x - a scroll of remove curse
Potions
 d - a potion of might
 f - 5 potions of curing
 i - a potion of cure mutation
 m - 2 potions of lignification {unknown}
 n - 2 potions of flight {unknown}
 o - 2 potions of haste {unknown}
 p - a potion of mutation {unknown}
 q - 3 potions of poison {unknown}
 r - 2 potions of degeneration {unknown}
 t - a potion of invisibility {unknown}
Comestibles
 e - 4 bread rations
 k - 2 meat rations
 u - 2 beef jerkies
 w - 5 chunks of flesh


   Skills:
 + Level 6.9 Fighting
 + Level 6.4 Maces & Flails
 - Level 3.6 Armour
 - Level 3.6 Shields


You had 5 spell levels left.
You didn't know any spells.

Dungeon Overview and Level Annotations

Branches:
Dungeon (4/15)             Temple (1/1) D:4

Altars:
Ashenzari
Cheibriados
Dithmenos
Elyvilon
Fedhas
Gozag
Kikubaaqudgha
Makhleb
Nemelex Xobeh
Okawaru
Qazlal
Ru
Sif Muna
Trog
Vehumet
Xom
Yredelemnul
Zin
The Shining One

Annotations:
D:4 Sigmund


Innate Abilities, Weirdness & Mutations

You reflexively headbutt those who attack you in melee.
You have a pair of horns on your head.


Message History

You're too confused to move!
A magic dart appears from out of thin air!
The magic dart hits you!
You're too confused to move!
You hear some strange, mumbled words.
A puff of flame appears from out of thin air!
The puff of flame misses you.
You're too confused to move!
You hear some strange, mumbled words.
Something tries to affect you, but you resist.
You bump into the rock wall.
Something hits you!
* * * LOW HITPOINT WARNING * * *
You feel less confused.
You hear some strange, mumbled words.
A magic dart appears from out of thin air!
The magic dart hits you!
* * * LOW HITPOINT WARNING * * *
Your shield and plate armour prevent you from hitting something.
You headbutt something. Something hits you.
You die...

##############
.............#
.###########.#
##########.######## #
#..................
#.##{#########.######.
#....@.........# #.
#####.##.########..######.
.........# #......##.
.........# #.####.##.
.#######.# #.#.##.#(.
#.########.#.......
#..........#.##.#..
...........#.#####.
...........#.......


There were no monsters in sight!

Vanquished Creatures
  A steam dragon (D:3)
  2 eyes of draining (D:3)
  An iguana (D:4)
  A centaur skeleton (D:4)
  A hound skeleton (D:4)
  A gnoll (D:3)
  3 adders
  A giant gecko (D:3)
  A ball python (D:4)
  5 giant cockroaches
  5 hobgoblins
  5 jackals
  2 quokkas
  5 bats
  5 giant newts
  7 goblins
  4 kobolds
  4 rats (D:2)
54 creatures vanquished.

Notes
Turn   | Place    | Note
--------------------------------------------------------------
     0 | D:1      | TruthSerum the Minotaur Fighter began the quest for the Orb.
     0 | D:1      | Reached XP level 1. HP: 19/19 MP: 0/0
    59 | D:1      | Reached skill level 4 in Fighting
    60 | D:1      | Reached XP level 2. HP: 10/27 MP: 1/1
   780 | D:2      | Reached XP level 3. HP: 30/34 MP: 2/2
  1373 | D:2      | Found a radiant altar of Vehumet.
  1419 | D:3      | Noticed an eye of draining
  1420 | D:3      | Found a bloodstained altar of Trog.
  1421 | D:3      | Noticed an eye of draining
  1428 | D:3      | Killed an eye of draining
  1428 | D:3      | Reached skill level 5 in Fighting
  1428 | D:3      | Reached XP level 4. HP: 31/42 MP: 0/3
  1428 | D:3      | Reached XP level 5. HP: 35/48 MP: 0/4
  1432 | D:3      | Killed an eye of draining
  1432 | D:3      | Reached skill level 6 in Fighting
  1432 | D:3      | Reached skill level 5 in Maces & Flails
  1611 | D:3      | Noticed a steam dragon
  1623 | D:3      | Killed a steam dragon
  1623 | D:3      | Reached XP level 6. HP: 17/58 MP: 5/5
  2387 | D:4      | Found a staircase to the Ecumenical Temple.
  2395 | Temple   | Entered the Ecumenical Temple
  2442 | Temple   | Became a worshipper of Warmaster Okawaru
  2874 | D:4      | Noticed Sigmund
  2905 | D:4      | Slain by Sigmund

Vault maps used:
D:1:      dpeg_arrival_tiny_i
D:2:      lemuel_coloured_pillars_altar, first_bread, minmay_bad_closet
D:3:      trog_eyes_of_draining
D:4:      kennysheep_doodads, lemuel_statue_altar, uniq_sigmund
Temple:   grunt_circular_temple_18

Action                   |  1- 3 |  4- 6 || total
-------------------------+-------+-------++-------
Melee: Flail             |    88 |    55 ||   143
Evoke: Wand              |     2 |       ||     2
  Use: Scroll            |     4 |     1 ||     5
  Eat: Chunk             |     2 |     4 ||     6
